Cogmind - Beta 15 @@@ ROGUE MODE // 2025.05.06 @ 04:57:30 Player: Cereal Killer Result: Destroyed by D-53 Grenadier with Mini Grenade Launcher Performance ------------- Evolutions (0) 0 Regions Visited (4) 800 Robots Destroyed (18) 90 Value Destroyed (392) 392 Prototype IDs (2) 40 Alien Tech Used (0) 0 Bonus (7) 7 TOTAL SCORE: 1329 Bonus ------- Follower Combat Kills 7 Cogmind --------- Core Integrity 0/250 Matter 278/300 Energy 72/100 System Corruption 0% Temperature Cool (0) Movement Core (350) Ox6 Location -9/Mines Parts ------- > --- POWER (1) -------- (None) > --- PROPULSION (2) --- (None) > --- UTILITY (2) ------ Large Storage Unit Structural Scanner > --- WEAPON (2) ------- (None) > --- INVENTORY (15) --- Light Treads Large Storage Unit Large Battery (200) Faulty Experimental Sensor Array Makeshift Transmission Jammer Makeshift Transmission Jammer Light Armor Plating Makeshift System Restoration Module Grenade Launcher Grenade Launcher Peak State ------------ > --- POWER ------------ Makeshift Power Source > --- PROPULSION ------- Light Treads Compact Wheel > --- UTILITY ---------- Large Storage Unit Structural Scanner > --- WEAPON ----------- Assault Rifle Heavy Battle Rifle > --- INVENTORY -------- Light Treads Large Storage Unit Large Battery Experimental Sensor Array Makeshift Transmission Jammer Makeshift Transmission Jammer Light Armor Plating Makeshift System Restoration Module EM Pulse Gun Assault Rifle Grenade Launcher Grenade Launcher [Rating: 16] Favorites ----------- Power Ion Engine Engine Ion Engine Propulsion Compact Wheel Treads Light Treads Wheel Compact Wheel Utility Large Storage Unit Device Structural Scanner Storage Large Storage Unit Weapon Assault Rifle Energy Gun EM Pulse Gun Ballistic Gun Assault Rifle Launcher Grenade Launcher Build | -11 -10 -10 -10 -9 ------- Run | Yrd Mat Min Exi Min Slots Evolved . | . . . . . Power . | . . . . . Propulsion . | . . . . . Utility . | . . . . . Weapon . | . . . . . Parts Attached 19 | 6 1 10 . 2 Power 4 | 1 . 2 . 1 Engine 4 | 1 . 2 . 1 Core . | . . . . . Reactor . | . . . . . Propulsion 7 | 2 . 5 . . Treads 2 | . . 2 . . Leg . | . . . . . Wheel 5 | 2 . 3 . . Hover . | . . . . . Flight . | . . . . . Utility 3 | 1 1 1 . . Device 1 | . . 1 . . Storage 2 | 1 1 . . . Processor . | . . . . . Hackware . | . . . . . Protection . | . . . . . Artifact . | . . . . . Weapon 5 | 2 . 2 . 1 Energy Gun 1 | . . . . 1 Energy Cannon . | . . . . . Ballistic Gun 3 | 2 . 1 . . Ballistic Cannon . | . . . . . Launcher 1 | . . 1 . . Special Weapon . | . . . . . Impact Weapon . | . . . . . Slashing Weapon . | . . . . . Piercing Weapon . | . . . . . Special Melee Weapon . | . . . . . Unidentified Prototypes . | . . . . . Parts Lost 14 | . . 6 . 8 Power 4 | . . 2 . 2 Propulsion 6 | . . 4 . 2 Utility . | . . . . . Weapon 4 | . . . . 4 Highest Loss Streak 7 | . . 2 . 7 To Critical Strikes . | . . . . . Average Backups 8 | 3 5 8 9 11 Power . | . 1 . . . Propulsion 1 | 2 2 1 1 1 Utility 3 | . 1 2 4 6 Weapon 3 | . 1 3 4 3 Tool/Special . | . . . . . Unused Backups 8 | . . . . 8 Power . | . . . . . Propulsion . | . . . . . Utility 7 | . . . . 7 Weapon 1 | . . . . 1 Tool/Special . | . . . . . Average Slot Usage (%) 93 | . 85 90 100 96 Engine 13 | . 14 13 14 12 Treads 8 | . . 6 14 12 Wheel 18 | . 28 20 14 14 Device 8 | . . 6 14 14 Storage 14 | . 14 14 14 14 Ballistic Gun 26 | . 28 24 28 26 Launcher 1 | . . 3 . . Peak Build Rating 16 | 6 7 11 12 16 Average Rating 9 | 3 6 8 10 14 On Entrance 6 | . 6 6 10 12 Naked Turns . | . . . . . Heaviest Build 34 | 12 32 34 32 31 Greatest Support 26 | 26 26 26 16 16 Greatest Overweight (x) 3 | . 1 3 1 1 Average Overweight (x) 1 | . . 1 1 1 Largest Inventory Capacity 15 | 8 15 15 15 15 Average Capacity 14 | 7 11 15 15 15 Most Carried 12 | 6 7 10 12 12 Average Carried 8 | 3 5 8 9 11 Final Capacity 15 | 8 15 15 15 15 Final Carried 12 | 4 7 8 12 10 Class Distribution -------------------- 100% | Mutant Dominant Class ---------------- Mutant | -10/Materials Mutant | -10/Mines Mutant | -10/Exiles Mutant | -9/Mines Resources | -11 -10 -10 -10 -9 ----------- Run | Yrd Mat Min Exi Min Matter Collected 637 | 192 . 417 . 28 Remotely . | . . . . . Salvage Created 434 | . . 392 . 42 Parts 41 | . . 38 . 3 Haulers Intercepted . | . . . . . Recyclers Shooed . | . . . . . Parts Field Recycled . | . . . . . Retrieved Matter . | . . . . . Parts Self-Destructed . | . . . . . Prevented . | . . . . . Kills | -11 -10 -10 -10 -9 ------- Run | Yrd Mat Min Exi Min Combat Hostiles Destroyed 19 | . . 16 . 3 Guns 16 | . . 13 . 3 AOE 3 | . . 3 . . Classes Destroyed 6 | . . 5 . 1 Tunneler 1 | . . 1 . . Recycler 1 | . . 1 . . Swarmer 11 | . . 9 . 2 Grunt 4 | . . 4 . . Demolisher 1 | . . . . 1 Assembled 3 | . . 3 . . Best Kill Streak 6 | . . 6 . 2 Combat Bots Only 6 | . . 6 . 2 Max Kills in Single Turn 3 | . . 3 . 1 Gunslinging . | . . . . . Exploded 3 | . . 3 . . Melee . | . . . . . Uniques/NPCs Destroyed . | . . . . . Combat | -11 -10 -10 -10 -9 -------- Run | Yrd Mat Min Exi Min Hostile Shots Fired 73 | . . 54 . 19 Missed 11 | . . 9 . 2 Hits 62 | . . 45 . 17 Melee 2 | . . 2 . . Projectile 60 | . . 43 . 17 AOE 13 | . . . . 13 Damage Taken 1133 | . . 611 . 522 Core 260 | . . 132 . 128 Absorbed by Shields . | . . . . . Core Remaining (%) 100 | 100 . . . . Volleys Fired 53 | . 1 42 . 10 Largest 2 | . 2 2 . 2 Hottest 53 | . 40 53 . 53 Shots Fired 96 | . 2 77 . 17 Gun 94 | . 2 75 . 17 Cannon . | . . . . . Launcher 2 | . . 2 . . Special . | . . . . . Kinetic 93 | . 2 75 . 16 Thermal . | . . . . . Explosive 2 | . . 2 . . Electromagnetic 1 | . . . . 1 Robot Hit Streak 10 | . . 10 . 7 Robot Miss Streak 6 | . 2 3 . 6 Penetration Max . | . . . . . Secondary Targets 2 | . . 1 . 1 Max Gunslinging Chain 1 | . . 1 . 1 Shots Hit Robots 49 | . . 42 . 7 Core Hits 30 | . . 25 . 5 Critical Kills 1 | . . 1 . . Critical Parts Destroyed . | . . . . . Critical Strikes 1 | . . 1 . . Destroy 1 | . . 1 . . Melee Attacks . | . . . . . Impact . | . . . . . Slashing . | . . . . . Piercing . | . . . . . Sneak Attacks . | . . . . . Combat Hostiles . | . . . . . Follow-up Attacks . | . . . . . Damage Inflicted 859 | . . 776 . 83 Guns 744 | . . 661 . 83 Cannons . | . . . . . Explosions 115 | . . 115 . . Melee . | . . . . . Ramming . | . . . . . Kinetic 734 | . . 661 . 73 Thermal 74 | . . 74 . . Explosive 41 | . . 41 . . Electromagnetic 10 | . . . . 10 Impact . | . . . . . Slashing . | . . . . . Piercing . | . . . . . Highest Corruption . | . . . . . Average Corruption . | . . . . . Corruption Purged . | . . . . . Corruption Blocked . | . . . . . Overload Shots . | . . . . . Overflow Damage 4 | . . 4 . . Projectiles . | . . . . . Explosions 4 | . . 4 . . Melee . | . . . . . Knockbacks . | . . . . . Impact . | . . . . . Kinetic . | . . . . . Secondary . | . . . . . Self-Inflicted Damage 102 | . . 102 . . Shots 3 | . . 3 . . Rammed . | . . . . . Targets Rammed . | . . . . . Kicked . | . . . . . Crushed . | . . . . . Highest Temperature 21 | . . 21 . 12 Average Temperature 8 | . . 8 . 5 Received Heat Transfer 156 | . . 138 . 18 Siege Activations . | . . . . . Martial Activations . | . . . . . Shielding Activations . | . . . . . Robots Disrupted . | . . . . . Combat Hostiles . | . . . . . Robots Corrupted . | . . . . . Combat Hostiles . | . . . . . Parts Fried . | . . . . . Impact Corruptions . | . . . . . Robots Melted . | . . . . . Combat Hostiles . | . . . . . Parts Melted 2 | . . 2 . . Heat Transferred 150 | . . 150 . . Parts Sabotaged . | . . . . . Parts Stolen . | . . . . . Parts Stripped . | . . . . . Power Chain Reactions . | . . . . . Alert | -11 -10 -10 -10 -9 ------- Run | Yrd Mat Min Exi Min Maximum Alert Level . | . . . . . Low Security (%) 100 | 100 100 100 . 100 Level 1 . | . . . . . Level 2 . | . . . . . Level 3 . | . . . . . Level 4 . | . . . . . Level 5 . | . . . . . High Security . | . . . . . Max Security . | . . . . . Peak Influence 188 | . 5 188 . 63 Initial . | . . . . . Average 79 | . . 103 . 30 Influence Increases 564 | . 5 446 . 113 Destroy 0b10 Robot/C 340 | . . 260 . 80 Destroy 0b10 Robot/NC 10 | . . 10 . . Destroy Leader 40 | . . 30 . 10 Allied During Kill 8 | . . . . 8 Successful Hack 5 | . 5 . . . Disable Machine 120 | . . 105 . 15 Destroy Structure 41 | . . 41 . . Influence Decreases 564 | . 5 368 78 113 Entered New Map 78 | . . . 78 . Time Decay 356 | . 5 308 . 43 Lost Part 90 | . . 60 . 30 Lost Ally 40 | . . . . 40 Squads Dispatched 1 | . 1 . . . Investigation . | . . . . . Extermination . | . . . . . Reinforcement 1 | . 1 . . . Assault . | . . . . . Garrison . | . . . . . Intercept . | . . . . . Searches Triggered . | . . . . . Construction Impeded . | . . . . . Haulers Reinforced . | . . . . . Active Scanning Responses . | . . . . . Cargo Convoy Interrupts . | . . . . . Stealth | -11 -10 -10 -10 -9 --------- Run | Yrd Mat Min Exi Min Distress Signals . | . . . . . Communications Jammed . | . . . . . Distress Signals . | . . . . . Times Spotted 33 | . 1 16 . 16 Peak Tracking Total 11 | . 1 4 . 11 Tactical Retreats 2 | . . 1 . 1 Traps | -11 -10 -10 -10 -9 ------- Run | Yrd Mat Min Exi Min Traps Triggered . | . . . . . Indirectly . | . . . . . Trap Hack Attempts . | . . . . . Triggered . | . . . . . Disarmed . | . . . . . Reprogrammed . | . . . . . Reused . | . . . . . Traps Extracted . | . . . . . Installed . | . . . . . Triggered . | . . . . . Machines | -11 -10 -10 -10 -9 ---------- Run | Yrd Mat Min Exi Min Machines Disabled 8 | . . 7 . 1 Max in Single Turn 6 | . . 6 . 1 Machines Repaired . | . . . . . Machines Dismantled . | . . . . . Machines Sabotaged . | . . . . . Overloaded Fab Kills . | . . . . . Hacking | -11 -10 -10 -10 -9 --------- Run | Yrd Mat Min Exi Min Machines Accessed 2 | . 1 . 1 . Terminals 1 | . 1 . . . Fabricators . | . . . . . Repair Stations . | . . . . . Recycling Units . | . . . . . Scanalyzers . | . . . . . Garrison Access . | . . . . . Total Hacks 7 | . 3 . 4 . Successful 5 | . 1 . 4 . Failed 2 | . 2 . . . Catastrophic . | . . . . . Database Lockouts . | . . . . . Manual . | . . . . . Terminals 3 | . 3 . . . Fabricators . | . . . . . Repair Stations . | . . . . . Recycling Units . | . . . . . Scanalyzers . | . . . . . Garrison Access . | . . . . . Terminal Hacks 5 | . 1 . 4 . Record 4 | . . . 4 . Prototype ID Bank 1 | . 1 . . . Fabricator Hacks . | . . . . . Repair Station Hacks . | . . . . . Recycling Unit Hacks . | . . . . . Scanalyzer . | . . . . . Garrison Access Hacks . | . . . . . Unauthorized Hacks . | . . . . . Terminals . | . . . . . Fabricators . | . . . . . Repair Stations . | . . . . . Recycling Units . | . . . . . Scanalyzers . | . . . . . Garrison Access . | . . . . . Data Cores Recovered . | . . . . . Used . | . . . . . Hacking Detections 1 | . 1 . . . Full Trace Events . | . . . . . Feedback Events . | . . . . . Feedback Blocked . | . . . . . Robot Schematics Acquired . | . . . . . Robots Built . | . . . . . Authchips . | . . . . . Time . | . . . . . Total Robot Build Rating . | . . . . . Part Schematics Acquired . | . . . . . Parts Built . | . . . . . Authchips . | . . . . . Time . | . . . . . Total Part Build Rating . | . . . . . Parts Repaired . | . . . . . Time . | . . . . . Parts Recycled . | . . . . . Recycled Matter . | . . . . . Retrieved Matter . | . . . . . Retrieved Components . | . . . . . Parts Scanalyzed . | . . . . . Part Schematics Acquired . | . . . . . Parts Damaged . | . . . . . Bothacking | -11 -10 -10 -10 -9 ------------ Run | Yrd Mat Min Exi Min Used RIF Installer . | . . . . . Robots Hacked . | . . . . . Non-combat . | . . . . . Combat . | . . . . . Robot Hacks Applied . | . . . . . Relay Couplers Released . | . . . . . Fabnet Peak Effective % . | . . . . . Robots Rewired 3 | . . . 3 . Allies Hacked . | . . . . . Hacks Repelled . | . . . . . Allies | -11 -10 -10 -10 -9 -------- Run | Yrd Mat Min Exi Min Total Allies 3 | . . . 3 . Largest Group 3 | . . . 3 3 Highest-Rated Group 37 | . . . 37 37 Highest-Rated Ally 21 | . . . 21 21 Total Orders . | . . . . . Ally Attacks 17 | . . . . 17 Total Damage 288 | . . . . 288 Kills 5 | . . . . 5 Allies Corrupted . | . . . . . Allies Melted . | . . . . . Intel | -11 -10 -10 -10 -9 ------- Run | Yrd Mat Min Exi Min Active Infowar (turns) 882 | . . 324 438 120 Structural 882 | . . 324 438 120 Robot Analysis Total . | . . . . . Derelict Logs Recovered 2 | . . 2 . . Drone Launches . | . . . . . Drone Recoveries . | . . . . . Exploration | -11 -10 -10 -10 -9 ------------- Run | Yrd Mat Min Exi Min Turns Passed 1413 | 46 96 713 438 120 Spaces Moved 1078 | 39 91 504 366 78 Core 12 | 12 . . . . Treads . | . . . . . Legs . | . . . . . Wheels 1066 | 27 91 504 366 78 Hover . | . . . . . Flight . | . . . . . Fastest Speed 50 | 50 90 95 115 115 Average Speed 108 | 77 97 107 115 115 Slowest Speed 125 | 90 105 125 115 115 Overloaded Moves . | . . . . . Propulsion Burnouts . | . . . . . Robots Hopped . | . . . . . Potential Cave-ins . | . . . . . Cave-ins Triggered . | . . . . . Exploration Rate (%) 44 | 3 23 89 86 21 Regions Visited 4 Branch Regions 3 Pre-discovered Areas 3 | . . 2 1 . Known Exits Taken . | . . . . . Unknown Exits Taken 4 | 1 1 1 1 . Scrap Searched 1 | . . 1 . . Spaces Dug . | . . . . . Terrain Destroyed 41 | . . 41 . . Melee . | . . . . . Projectile 3 | . . 3 . . AOE 38 | . . 38 . . Terrain Rammed . | . . . . . Walls Destroyed . | . . . . . Machines Disabled . | . . . . . Actions | -11 -10 -10 -10 -9 --------- Run | Yrd Mat Min Exi Min Total 1223 | 54 96 598 383 92 Wait 32 | . . 30 2 . Move 1074 | 38 90 503 365 78 Hop . | . . . . . Pick Up 27 | 10 3 9 4 1 Fast Attach . | . . . . . Attach 17 | 6 1 7 . 3 Detach 1 | . 1 . . . Swap 6 | . . 6 . . Drop 1 | . . 1 . . Fire 53 | . 1 42 . 10 Melee . | . . . . . Ram . | . . . . . Kick . | . . . . . Crush . | . . . . . Escape Stasis . | . . . . . Rewire 12 | . . . 12 . Trap . | . . . . . Miscellaneous . | . . . . . Route ------- -11/Scrapyard -10/Materials -10/Mines (discovered 3 exits: [*Mat x2] / *Exi) -10/Exiles -9/Mines History --------- Turn | Location | Event 9 | -11/Scrapyard | Discovered new exit (range 16) 47 | -11/Scrapyard | Entered Materials 111 | -10/Materials | Discovered new exit (range 15) 143 | -10/Materials | Entered Mines 267 | -10/Mines | Learned location of Storage (-9) 288 | -10/Mines | A weapon hastily lodged in a ceiling crevice suddenly fell to the ground 311 | -10/Mines | Build established: Mutant 351 | -10/Mines | Excavation squad dispatched 351 | -10/Mines | A large section of the Mines collapsed 516 | -10/Mines | Discovered new exit (range 14) 635 | -10/Mines | Core integrity fell below 50% 666 | -10/Mines | Discovered new exit (range 5) 679 | -10/Mines | Learned Materials emergency access door positions 852 | -10/Mines | Deemed a non-threat by the Exiles lab entrance 852 | -10/Mines | Discovered new exit (range 5) 856 | -10/Mines | Entered Exiles 856 | -10/Exiles | Found Exiles lab destroyed 1055 | -10/Exiles | Learned location of Zion (-6) 1277 | -10/Exiles | Discovered new exit (range 14) 1294 | -10/Exiles | Entered Mines 1294 | -9/Mines | Accompanied by 3 allies 1343 | -9/Mines | Found a damaged Exp. Sensor Array with a note attached 1345 | -9/Mines | Assembled infested the area 1345 | -9/Mines | Found Prototype Device 1403 | -9/Mines | Core integrity fell below 20% 1414 | -9/Mines | Destroyed by D-53 Grenadier with Mini Grenade Launcher Last Messages --------------- 01383_ C-30 ARC bursts open, deploying its payload. 01386_ as-81268 destroyed. 01388_ as-95653 destroyed. 01389_ as-20942 destroyed. 01389_ as-41022 destroyed. 01389_ as-98660 destroyed. 01398_ K-01 Serf collects debris. 01398_ K-01 Serf destroyed. 01402_ Hvy. Battle Rifle destroyed. 01406_ The unstable cave ceiling collapses. 01406_ Mak. Power Source destroyed. 01407_ Destroyed Shock Absorption System. 01407_ D-53 Grenadier destroyed. 01408_ Lgt. Treads destroyed. 01408_ Assault Rifle destroyed. 01409_ The unstable cave ceiling collapses. 01410_ Assault Rifle destroyed. 01414_ EM Pulse Gun destroyed. 01414_ Com. Wheel destroyed. Map ----- +----------------------------------------------------+ | | | | | | | | | | | | | ???????##### #####?????????????????????????? | | ???????###########?????????????????????????? | | ???????## ##?????????????????????????? | | ???????## ###############????????????? | | ???????## = ###############????????????? | | ???????##=%[ "" ##????????????? | | ???????##*= """ # ????????????? | | ???????##%= """ ########### # ????????????? | | ???????## [[ ########### # ????????????? | | ???????###########???????## # ????????????? | | ???????###########???????## # ????????????? | | ??????###????????????????## # ????????????? | | ?????####????????????????## # ????????????? | | ?????### ???????########### # ????????????? | | ?????## ??????########## * # ??????????? | | ????? ????? #### =### ??????????? | | ???????""" ##??## ### # ??????????? | | ???????""" ###?## ## # ??????????? | | ?????? """ ##### ## # ??????????? | | ?? """ #### ## @ # ??????????? | | ????## ### # ##??????????? | | ????#### % ##??????????? | | ??????### r ###??????????? | | ??????#### % ##d ###??????????? | | ???????#### #######???????????? | | ????????#### #######???????????? | | ?????????### # % ####????????????? | | ????????? # ######## ????????? | | ?????????### $## ##### ###?????? | | ?????????### ## % ##?????? | | ??????????## ?## u "%" ##?????? | | ??????????## ?### ### ## ##?????? | | ?????????? ??#### ### ## ##?????? | | ??????????? ???? ##????????????? | | ??????????? ???? ###????????????? | | ??????????? ????##### #### ????????????? | | ????????????????##############?????????????? | | ???????????????????#########???????????????? | | ???????????????????????????????????????????? | | ???????????????????????????????????????????? | | ???????????????????????????????????????????? | | ???????????????????????????????????????????? | | ???????????????????????????????????????????? | | ???????????????????????????????????????????? | +----------------------------------------------------+ Best States ------------- Heat Dissipation 25 Energy Generation 15 Energy Capacity 250 Matter Stores 300 Matter Capacity 300 Sight Range 16 Terrain Scan Density 10 Evasion (%) 50 Item Schematics ----------------- None Robot Schematics ------------------ None Fabricated ------------ Nothing Repaired ---------- Nothing Alien Tech Used ----------------- None Achievements -------------- None Challenges ------------ None Game ------ Seed DataSmallWeb Manual? 0 Play Time 00:10:12 Cumulative 260.0 hours Start 2025.05.06 @ 04:48:41 End 2025.05.06 @ 04:57:30 Sessions 1 Manual Loads 0 Difficulty Rogue Special Mode None Game No. 209 Rogue 200 Adventurer 9 Explorer 0 Win Type - Total 2 Types 1/0/0/1/0/0/0/0/0/0 Lore% 83 Gallery% 69 Achievement% 64 Wizard Run 0 Options --------- Layout 1 ASCII 0 Keyboard 0 Movement Numpad Keybinds 0 Fullscreen 1 Font 24/Smallcaps Map View 50x35 Zoom Use 0% Tactical HUD 1 Map Filters NONE Filters NONE Steam 1 RUN: dc544852-1afb-43e4-8a28-e40feaa7da71